 Dungeon Crawl Stone Soup version 0.30.1-9-gdf580d7c3d (webtiles) character file.

Game seed: 4352931952209377273

128 booth the Chopper (level 4, -2/34 HPs)
             Began as a Demonspawn Gladiator on Oct 2, 2023.
             Slain by a gnoll
             ... wielding a +0 spear
             ... led by a gnoll bouda
              (5 damage)
             ... on level 2 of the Dungeon.
             The game lasted 00:06:18 (1037 turns).

booth the Chopper (Demonspawn Gladiator)            Turns: 1037, Time: 00:06:19

Health: -2/34      AC:  5    Str: 16    XL:     4   Next: 87%
Magic:  4/4        EV: 12    Int: 10    God:
Gold:   62         SH:  0    Dex: 14    Spells: 3/3 levels left

rFire   . . .        a - +1 war axe
rCold   . . .        (no shield)
rNeg    . . .        b - +0 leather armour
rPois   .            c - +0 helmet
rElec   .            h - +0 cloak
rCorr   .            (no gloves)
SInv    .            (no boots)
Will    .....        (no amulet)
Stlth   +            (no ring)
HPRegen 0.25/turn    (no ring)
MPRegen 0.09/turn

%: no passive effects
@: no status effects
A: hooves 1, foul stench 1
a: no special abilities


You were on level 2 of the Dungeon.
You visited 1 branch of the dungeon, and saw 2 of its levels.

You collected 62 gold pieces.

Inventory:

Hand Weapons
 a - a +1 war axe (weapon)
Missiles
 d - 3 throwing nets (quivered)
 i - 4 curare-tipped darts
Armour
 b - a +0 leather armour (worn)
 c - a +0 helmet (worn)
 h - a +0 cloak (worn)
Jewellery
 g - a ring of fire


   Skills:
 + Level 2.9 Fighting
 * Level 3.8 Axes
 + Level 2.6 Throwing
 + Level 3.3 Dodging


You had 3 spell levels left.
You didn't know any spells.
Your spell library was empty.

Dungeon Overview and Level Annotations

Branches:
Dungeon (2/15)

Altars:


Innate Abilities, Weirdness & Mutations

You have large cloven feet.
You may rarely emit foul miasma when damaged in melee.


Message History

The gnoll bouda utters an invocation to its god.
The gnoll bouda is healed somewhat.
You hit the gnoll. You kick the gnoll.
You kill the gnoll!
The gnoll bouda gazes fiercely through you!
You feel as though you will be weak longer.
The ball python closely misses you. The ball python grabs you.
The ball python constricts you. The gnoll barely misses you.
You hit the ball python.
You kill the ball python!
The gnoll misses you. The gnoll completely misses you.
Things that are here:
a +0 spear; a ball python corpse; a gnoll corpse You hit the gnoll.
You kick the gnoll.
The gnoll is moderately wounded.
The gnoll hits you with a +0 spear.
* * * LOW HITPOINT WARNING * * *
You hit the gnoll. Your kick misses the gnoll.
The gnoll is severely wounded.
The gnoll barely misses you.
You slash the gnoll bouda! Your kick misses the gnoll bouda.
The gnoll bouda is almost dead.
The gnoll hits you from afar with a +0 spear.
* * * LOW HITPOINT WARNING * * *
The gnoll bouda calls upon its god to heal the gnoll.
The gnoll is healed somewhat.
You hit the gnoll bouda.
You kill the gnoll bouda!
The gnoll hits you from afar with a +0 spear.
* * * LOW HITPOINT WARNING * * *
The gnoll completely misses you. The gnoll barely misses you.
Things that are here:
a +0 whip; a +0 robe You hit the gnoll.
The gnoll is moderately wounded.
Your attacks no longer feel as feeble.
The gnoll hits you with a +0 spear.
You die...

..# ### ##### #.#
#.######...######
..###############.#≈≈~≈#.........
#.................#≈~≈~#..#.#.#..
.....############.'~≈~≈'........#
#....##### #..#≈~≈~#..#.#.#.#
.....#...# #.##≈≈~≈##.......#
#........# #)########.#.#.#).
.....#...# #@# #.......#
##...#...# ###g#### ########.
#####...# #......###. ..# #.
#...## #.#........ #.# #. ###..#
#.#.#.....) #.#.###. #####.#
#.#.#.#...# #.#.....
#.....####.#.#.#.#.# #.#.#.##
#.......##.#.#.#.#.#.#.#...##
#.....#....#(#.#...#.#.#.####


You could see a gnoll (swift).

Vanquished Creatures
  A gnoll bouda (D:2)
  Jessica (D:2)
  3 gnolls (D:2)
  A dart slug (D:1)
  3 ball pythons
  4 bats
  2 giant cockroaches
  4 goblins
  4 hobgoblins
  10 jackals
  A quokka (D:1)
  A frilled lizard (D:1)
  2 kobolds (D:2)
  A rat (D:1)
38 creatures vanquished.

Notes
Turn   | Place    | Note
-------+----------+-------------------------------------------
     0 | D:1      | booth the Demonspawn Gladiator began the quest for the Orb.
     0 | D:1      | Reached XP level 1. HP: 16/16 MP: 1/1
   245 | D:1      | Discovered your monstrous ancestry.
   245 | D:1      | Gained mutation: You have large cloven feet. [demonic
                  | ancestry]
   245 | D:1      | Reached XP level 2. HP: 22/22 MP: 2/2
   719 | D:2      | Noticed Jessica
   734 | D:2      | Killed Jessica
   735 | D:2      | Reached XP level 3. HP: 26/28 MP: 3/3
   977 | D:2      | Gained mutation: You may rarely emit foul miasma when
                  | damaged in melee. [demonic ancestry]
   977 | D:2      | Reached XP level 4. HP: 31/34 MP: 4/4
  1037 | D:2      | Slain by a gnoll

Illustrated notes

Levels and vault maps discovered:
D:1:      roderic_crop_circles_arrival_small, layout_basic
D:2:      layout_basic, basic_altar, serial_glass, glass_columns_c,
          glass_columns_a, glass_columns_b, glass_columns_a, glass_columns_a,
          glass_columns_a, glass_columns_b, glass_columns_c, glass_columns_c,
          glass_columns_a, minmay_misc_feat_more_columns,
          chequers_serial_rivers_room_b, grunt_ministairs_8, uniq_jessica

Skill      XL: |  1  2 |
---------------+-------+-----
Throwing       | 2 |  2.6
Axes           | 3 |  3.8
Dodging        | 3 |  3.3
Fighting       | |  2.9

Action                     |  1- 3 |  4- 6 || total
---------------------------+-------+-------++-------
  Melee: War axe           |    84 |    15 ||    99
         Kick              |    13 |     6 ||    19
         Punch             |     1 |       ||     1
  Throw: Dart              |       |     2 ||     2
         Javelin           |       |     1 ||     1
         Throwing net      |       |     1 ||     1
    Use: Scroll            |     2 |       ||     2
         Potion            |     1 |     1 ||     2
 Armour: Leather armour    |    33 |     1 ||    34
  Dodge: Dodged            |    65 |    14 ||    79
